| TOP OF THE 1ST |
|
Miami Whales batting - Pitching for West Palm Beach Expos : RHP Carlos Montano
|
|
Pitching: RHP Carlos Montano
|
|
|
Batting: SHB Ramon Alcantara
|
0-0: Called Strike 0-1: Ball 1-1: Ball 2-1: Ball 3-1: Swinging Strike 3-2: SINGLE (Flyball, 7S, EV 89.4 MPH)
|
|
Batting: RHB Donald Hubbard
|
0-0: Ball 1-0: Foul Ball, location: 2F 1-1: Foul Ball, location: 2F 1-2: Ball 2-2: Fly out, F8 (Flyball, 78D, EV 81.9 MPH)
|
|
Batting: RHB Tom Grant
|
0-0: Ball Ramon Alcantara steals 2nd base (no throw) 1-0: Ball 2-0: Called Strike 2-1: SINGLE (Groundball, 3D, EV 107.5 MPH) Ramon Alcantara to third Runner from 3rd tries for Home, SAFE, throw by RF to home Tom Grant to second
|
|
Batting: LHB Lorenzo Bundy
|
0-0: Ball 1-0: Swinging Strike 1-1: Called Strike 1-2: Ball 2-2: Foul Ball, location: 2F 2-2: Foul Ball, location: 2F 2-2: Ground out U3 (Groundball, 3L, EV 84.4 MPH) Tom Grant to third
|
|
Batting: RHB Rafael Ortega
|
0-0: Swinging Strike 0-1: Ball 1-1: Ball 2-1: Ground out 6-3 (Groundball, 6, EV 88.1 MPH)
|
| Top of the 1st over - 1 run, 2 hits, 0 errors, 1 left on base; Miami 1 - West Palm Beach 0 |
| BOTTOM OF THE 1ST |
|
West Palm Beach Expos batting - Pitching for Miami Whales : RHP Craig Jones
|
|
Pitching: RHP Craig Jones
|
|
|
Batting: RHB Roland Oruna
|
0-0: Called Strike 0-1: Swinging Strike 0-2: Ball 1-2: Strikes out swinging
|
|
Batting: RHB Steve Kiefer
|
0-0: Ball 1-0: Foul Ball, location: 2F 1-1: Called Strike 1-2: Ball 2-2: TRIPLE (Line Drive, 78XD, EV 108.8 MPH)
|
|
Batting: SHB Terry Pendleton
|
0-0: Reached on error, E3 (Groundball, 3, EV 101.3 MPH) Steve Kiefer scores
|
|
Batting: SHB Mark Pirruccello
|
0-0: SINGLE (Line Drive, 78S, EV 89.4 MPH) Terry Pendleton to second
|
|
Batting: RHB Don Berti
|
0-0: Swinging Strike 0-1: Swinging Strike 0-2: Fielders Choice at 2nd, 1-6 (Groundball, 34S, EV 63.8 MPH) Terry Pendleton to third
|
|
Batting: LHB Jesus Alfes
|
0-0: Called Strike 0-1: Ball 1-1: Called Strike 1-2: Fly out, F9 (Flyball, 9S, EV 83.1 MPH)
|
| Bottom of the 1st over - 1 run, 2 hits, 1 error, 2 left on base; Miami 1 - West Palm Beach 1 |
| TOP OF THE 2ND |
|
Miami Whales batting - Pitching for West Palm Beach Expos : RHP Carlos Montano
|
|
Batting: RHB Steve Benson
|
0-0: Called Strike 0-1: Called Strike 0-2: Ball 1-2: Ball 2-2: Fly out, F7 (Flyball, 78D, EV 100.6 MPH)
|
|
Batting: RHB Ramon Cardenas
|
0-0: Ground out 1-3 (Groundball, 25, EV 72.5 MPH)
|
|
Batting: SHB Philip Rossi
|
0-0: Foul Ball, location: 2F 0-1: Foul Ball, location: 2F 0-2: Ball 1-2: Foul Ball, location: 2F 1-2: Foul Ball, location: 2F 1-2: Ball 2-2: Ball 3-2: Ground out 5-3 (Groundball, 56, EV 103.8 MPH)
|
| Top of the 2nd over - 0 runs, 0 hits, 0 errors, 0 left on base; Miami 1 - West Palm Beach 1 |
| BOTTOM OF THE 2ND |
|
West Palm Beach Expos batting - Pitching for Miami Whales : RHP Craig Jones
|
|
Batting: LHB Keith Hughes
|
0-0: Ball 1-0: Foul Ball, location: 2F 1-1: Called Strike 1-2: Fly out, F6 (Popup, 15, EV 77.5 MPH)
|
|
Batting: RHB Matthew Gundelfinger
|
0-0: SINGLE (Groundball, 6MD, EV 105.0 MPH)
|
|
Batting: RHB Humberto Cardenas
|
0-0: Called Strike Matthew Gundelfinger steals 2nd base 0-1: Ball 1-1: Fly out, F7 (Flyball, 7D, EV 83.8 MPH) Runner from 2nd tags up, SAFE at 3rd, no throw by LF
|
|
Batting: RHB Roland Oruna
|
0-0: Ball 1-0: Ground out 5-3 (Groundball, 56, EV 78.1 MPH)
|
| Bottom of the 2nd over - 0 runs, 1 hit, 0 errors, 1 left on base; Miami 1 - West Palm Beach 1 |
| TOP OF THE 3RD |
|
Miami Whales batting - Pitching for West Palm Beach Expos : RHP Carlos Montano
|
|
Batting: SHB Santiago Fernandez
|
0-0: Called Strike 0-1: Ball 1-1: Ball 2-1: Ball 3-1: Foul Ball, location: 2F 3-2: Foul Ball, location: 2F 3-2: Base on Balls
|
|
Batting: SHB Ramon Alcantara
|
0-0: Foul Ball, location: 2F 0-1: Ball 1-1: Ball 2-1: Ball 3-1: Fly out, F7 (Flyball, 7LM, EV 75.0 MPH)
|
|
Batting: RHB Donald Hubbard
|
0-0: Called Strike 0-1: Ball 1-1: Fly out, F4 (Popup, 4, EV 73.8 MPH)
|
|
Batting: RHB Tom Grant
|
0-0: Fly out, F4 (Line Drive, 4, EV 65.0 MPH)
|
| Top of the 3rd over - 0 runs, 0 hits, 0 errors, 1 left on base; Miami 1 - West Palm Beach 1 |
| BOTTOM OF THE 3RD |
|
West Palm Beach Expos batting - Pitching for Miami Whales : RHP Craig Jones
|
|
Batting: RHB Steve Kiefer
|
0-0: Called Strike 0-1: Ball 1-1: Ball 2-1: Ball 3-1: Called Strike 3-2: Base on Balls
|
|
Batting: SHB Terry Pendleton
|
0-0: Ball Steve Kiefer is caught stealing 2nd base 2-6 1-0: Foul Ball, location: 2F 1-1: Fly out, F8 (Line Drive, 8RD, EV 91.3 MPH)
|
|
Batting: SHB Mark Pirruccello
|
0-0: Ground out 4-3 (Groundball, 4, EV 88.8 MPH)
|
| Bottom of the 3rd over - 0 runs, 0 hits, 0 errors, 0 left on base; Miami 1 - West Palm Beach 1 |
| TOP OF THE 4TH |
|
Miami Whales batting - Pitching for West Palm Beach Expos : RHP Carlos Montano
|
|
Batting: LHB Lorenzo Bundy
|
0-0: Called Strike 0-1: Swinging Strike 0-2: Ball 1-2: Ball 2-2: Ball 3-2: Foul Ball, location: 2F 3-2: Fly out, F9 (Flyball, 9LS, EV 85.0 MPH)
|
|
Batting: RHB Rafael Ortega
|
0-0: Ball 1-0: Called Strike 1-1: Ball 2-1: Ball 3-1: Base on Balls
|
|
Batting: RHB Steve Benson
|
0-0: Fly out, F7 (Flyball, 7D, EV 101.9 MPH)
|
|
Batting: RHB Ramon Cardenas
|
0-0: Ball 1-0: Fielders Choice at 2nd, 6-4 (Groundball, 6, EV 91.3 MPH)
|
| Top of the 4th over - 0 runs, 0 hits, 0 errors, 1 left on base; Miami 1 - West Palm Beach 1 |
| BOTTOM OF THE 4TH |
|
West Palm Beach Expos batting - Pitching for Miami Whales : RHP Craig Jones
|
|
Batting: RHB Don Berti
|
0-0: Called Strike 0-1: Ball 1-1: Ball 2-1: Ball 3-1: Foul Ball, location: 2F 3-2: Base on Balls
|
|
Batting: LHB Jesus Alfes
|
0-0: Ball 1-0: Grounds into double play, 6-4-3 (Groundball, 6, EV 102.5 MPH)
|
|
Batting: LHB Keith Hughes
|
0-0: Called Strike 0-1: Ball 1-1: Foul Ball, location: 2F 1-2: Foul Ball, location: 2F 1-2: Ball 2-2: Foul Ball, location: 2F 2-2: DOUBLE (Line Drive, 9LS, EV 112.5 MPH)
|
|
Batting: RHB Matthew Gundelfinger
|
0-0: Ball 1-0: Ball 2-0: Foul Ball, location: 2F 2-1: Fly out, F4 (Popup, 4D, EV 58.8 MPH)
|
| Bottom of the 4th over - 0 runs, 1 hit, 0 errors, 1 left on base; Miami 1 - West Palm Beach 1 |
| TOP OF THE 5TH |
|
Miami Whales batting - Pitching for West Palm Beach Expos : RHP Carlos Montano
|
|
Batting: SHB Philip Rossi
|
0-0: Ball 1-0: Ball 2-0: Ground out 2-3 (Groundball, 2R, EV 68.1 MPH)
|
|
Batting: SHB Santiago Fernandez
|
0-0: Called Strike 0-1: Foul Ball, location: 2F 0-2: Ball 1-2: Ball 2-2: Ground out 1-3 (Groundball, 34S, EV 71.3 MPH)
|
|
Batting: SHB Ramon Alcantara
|
0-0: Ball 1-0: Ball 2-0: Ball 3-0: Base on Balls
|
|
Batting: RHB Donald Hubbard
|
Pickoff Throw to First - Out! 1-3
|
| Top of the 5th over - 0 runs, 0 hits, 0 errors, 0 left on base; Miami 1 - West Palm Beach 1 |
| BOTTOM OF THE 5TH |
|
West Palm Beach Expos batting - Pitching for Miami Whales : RHP Craig Jones
|
|
Batting: RHB Humberto Cardenas
|
0-0: Foul Ball, location: 2F 0-1: Called Strike 0-2: Strikes out swinging
|
|
Batting: RHB Roland Oruna
|
0-0: Ball 1-0: SINGLE (Groundball, 6D, EV 99.4 MPH)
|
|
Batting: RHB Steve Kiefer
|
0-0: Ball 1-0: Foul Ball, location: 2F 1-1: Called Strike 1-2: Strikes out swinging
|
|
Batting: SHB Terry Pendleton
|
0-0: Ball 1-0: Ball 2-0: Ball 3-0: Called Strike 3-1: Base on Balls Roland Oruna to second
|
|
Batting: SHB Mark Pirruccello
|
0-0: Ball 1-0: Foul Ball, location: 2F 1-1: Called Strike 1-2: Strikes out swinging
|
| Bottom of the 5th over - 0 runs, 1 hit, 0 errors, 2 left on base; Miami 1 - West Palm Beach 1 |
| TOP OF THE 6TH |
|
Miami Whales batting - Pitching for West Palm Beach Expos : RHP Carlos Montano
|
|
Batting: RHB Donald Hubbard
|
0-0: Fly out, F4 (Flyball, 34D, EV 88.8 MPH)
|
|
Batting: RHB Tom Grant
|
0-0: SINGLE (Groundball, 34D, EV 103.1 MPH)
|
|
Batting: LHB Lorenzo Bundy
|
0-0: Called Strike 0-1: Ball 1-1: Ball 2-1: Foul Ball, location: 2F 2-2: Strikes out swinging
|
|
Batting: RHB Rafael Ortega
|
0-0: Ball 1-0: Ground out 5-3 (Groundball, 5S, EV 68.1 MPH)
|
| Top of the 6th over - 0 runs, 1 hit, 0 errors, 1 left on base; Miami 1 - West Palm Beach 1 |
| BOTTOM OF THE 6TH |
|
West Palm Beach Expos batting - Pitching for Miami Whales : RHP Craig Jones
|
|
Batting: RHB Don Berti
|
0-0: Ball 1-0: Ball 2-0: Foul Ball, location: 2F 2-1: Called Strike 2-2: Ball 3-2: Strikes out swinging
|
|
Batting: LHB Jesus Alfes
|
0-0: Ball 1-0: Ground out U3 (Groundball, 23, EV 85.6 MPH)
|
|
Batting: LHB Keith Hughes
|
0-0: Called Strike 0-1: Called Strike 0-2: Ball 1-2: Strikes out swinging
|
| Bottom of the 6th over - 0 runs, 0 hits, 0 errors, 0 left on base; Miami 1 - West Palm Beach 1 |
| TOP OF THE 7TH |
|
Miami Whales batting - Pitching for West Palm Beach Expos : RHP Carlos Montano
|
|
Batting: RHB Steve Benson
|
0-0: Ball 1-0: SINGLE (Flyball, 5D, EV 95.0 MPH)
|
|
Batting: RHB Ramon Cardenas
|
0-0: Ground out 6-3 (Groundball, 6, EV 78.1 MPH) Steve Benson to second
|
|
Batting: SHB Philip Rossi
|
0-0: Ball 1-0: Ball 2-0: Foul Ball, location: 2F 2-1: Ground out 4-3 (Groundball, 4D, EV 97.5 MPH) Steve Benson to third
|
|
Batting: SHB Santiago Fernandez
|
0-0: Ball 1-0: Ground out 3-1 (Groundball, 13, EV 83.1 MPH)
|
| Top of the 7th over - 0 runs, 1 hit, 0 errors, 1 left on base; Miami 1 - West Palm Beach 1 |
| BOTTOM OF THE 7TH |
|
West Palm Beach Expos batting - Pitching for Miami Whales : RHP Craig Jones
|
|
Batting: RHB Matthew Gundelfinger
|
0-0: Fly out, F7 (Flyball, 7, EV 97.5 MPH)
|
|
Batting: RHB Humberto Cardenas
|
0-0: Ball 1-0: Ball 2-0: DOUBLE (Line Drive, 5D, EV 106.9 MPH)
|
|
Batting: RHB Roland Oruna
|
0-0: Called Strike 0-1: Foul Ball, location: 2F 0-2: Ball 1-2: Fly out, F6 (Popup, 6D, EV 70.6 MPH)
|
|
Batting: RHB Steve Kiefer
|
0-0: Swinging Strike 0-1: Ball 1-1: Foul Ball, location: 2F 1-2: Reached on error, E5 (Groundball, 56, EV 107.5 MPH) Humberto Cardenas to third
|
|
Batting: SHB Terry Pendleton
|
0-0: Ball 1-0: Called Strike 1-1: Ground out 4-3 (Groundball, 4, EV 77.5 MPH)
|
| Bottom of the 7th over - 0 runs, 1 hit, 1 error, 2 left on base; Miami 1 - West Palm Beach 1 |
| TOP OF THE 8TH |
|
Miami Whales batting - Pitching for West Palm Beach Expos : RHP Carlos Montano
|
|
Batting: SHB Ramon Alcantara
|
0-0: Called Strike 0-1: Ball 1-1: Called Strike 1-2: Ball 2-2: Foul Ball, location: 2F 2-2: Foul Ball, location: 2F 2-2: SINGLE (Groundball, 4M, EV 103.8 MPH) (infield hit)
|
|
Batting: RHB Donald Hubbard
|
0-0: Ball Ramon Alcantara steals 2nd base (no throw) 1-0: Called Strike 1-1: Ball 2-1: DOUBLE (Line Drive, 78XD, EV 106.3 MPH) Ramon Alcantara scores
|
|
Batting: RHB Tom Grant
|
0-0: Ball 1-0: Foul Ball, location: 2F 1-1: Ball 2-1: DOUBLE (Line Drive, 9LM, EV 109.4 MPH) Donald Hubbard scores
|
|
Batting: LHB Lorenzo Bundy
|
0-0: SINGLE (Groundball, 56D, EV 100.6 MPH) Tom Grant to third Runner from 3rd tries for Home, SAFE, throw by LF to home
|
|
Batting: RHB Rafael Ortega
|
0-0: Foul Ball, location: 2F 0-1: Swinging Strike 0-2: Ball 1-2: Foul Ball, location: 2F 1-2: Grounds into double play, 5-4-3 (Groundball, 56, EV 86.3 MPH)
|
|
Batting: RHB Steve Benson
|
0-0: Ball 1-0: SINGLE (Flyball, 5D, EV 92.5 MPH)
|
|
Batting: RHB Ramon Cardenas
|
0-0: Called Strike 0-1: Ball 1-1: Swinging Strike 1-2: Ball 2-2: Foul Ball, location: 2F 2-2: Ground out 6-3 (Groundball, 6, EV 81.9 MPH)
|
| Top of the 8th over - 3 runs, 5 hits, 0 errors, 1 left on base; Miami 4 - West Palm Beach 1 |
| BOTTOM OF THE 8TH |
|
West Palm Beach Expos batting - Pitching for Miami Whales : RHP Craig Jones
|
|
Batting: SHB Mark Pirruccello
|
0-0: Swinging Strike 0-1: SINGLE (Groundball, 4MD, EV 99.4 MPH)
|
|
Batting: RHB Don Berti
|
0-0: Called Strike 0-1: Ball 1-1: Reached on error, E9 (Flyball, 9S, EV 88.1 MPH) Mark Pirruccello to second
|
|
Batting: LHB Jesus Alfes
|
0-0: Called Strike 0-1: Fly out, F8 (Flyball, 89D, EV 96.3 MPH)
|
|
Batting: LHB Keith Hughes
|
0-0: Foul Ball, location: 2F 0-1: Ball 1-1: Ball 2-1: Foul Ball, location: 2F 2-2: Strikes out looking
|
|
Batting: RHB Matthew Gundelfinger
|
0-0: Ball 1-0: Foul Ball, location: 2F 1-1: Foul Ball, location: 2F 1-2: Foul Ball, location: 2F 1-2: Ground out U3 (Groundball, 34, EV 106.9 MPH)
|
| Bottom of the 8th over - 0 runs, 1 hit, 1 error, 2 left on base; Miami 4 - West Palm Beach 1 |
| TOP OF THE 9TH |
|
Miami Whales batting - Pitching for West Palm Beach Expos : RHP Carlos Montano
|
|
Batting: SHB Philip Rossi
|
0-0: Swinging Strike 0-1: Foul Ball, location: 2F 0-2: Ball 1-2: Ball 2-2: Ground out 4-3 (Groundball, 34D, EV 88.8 MPH)
|
|
Batting: SHB Santiago Fernandez
|
0-0: SINGLE (Line Drive, 7S, EV 111.3 MPH)
|
|
Batting: SHB Ramon Alcantara
|
0-0: Ball 1-0: Ball 2-0: Ball 3-0: Base on Balls Santiago Fernandez to second
|
|
Pitching: RHP Larry Freeburg
|
|
|
Batting: RHB Donald Hubbard
|
0-0: Ball 1-0: Ball 2-0: Fielders Choice at 2nd, 3-6 (Groundball, 34, EV 81.9 MPH) Santiago Fernandez to third
|
|
Batting: RHB Tom Grant
|
0-0: Ball 1-0: Ball 2-0: Foul Ball, location: 2F 2-1: Ball 3-1: Called Strike 3-2: Foul Ball, location: 2F 3-2: Foul Ball, location: 2F 3-2: Ground out U3 (Groundball, 34S, EV 79.4 MPH)
|
| Top of the 9th over - 0 runs, 1 hit, 0 errors, 2 left on base; Miami 4 - West Palm Beach 1 |
| BOTTOM OF THE 9TH |
|
West Palm Beach Expos batting - Pitching for Miami Whales : RHP Craig Jones
|
|
Batting: RHB Humberto Cardenas
|
0-0: Called Strike 0-1: Ball 1-1: Ball 2-1: Foul Ball, location: 2F 2-2: Strikes out swinging, 2-3 out at first.
|
|
Batting: RHB Roland Oruna
|
0-0: Ball 1-0: SINGLE (Groundball, P, EV 86.3 MPH) (infield hit)
|
|
Batting: RHB Steve Kiefer
|
0-0: Called Strike 0-1: Fly out, F8 (Line Drive, 8LM, EV 91.3 MPH)
|
|
Batting: SHB Terry Pendleton
|
0-0: Ball 1-0: Fielders Choice at 2nd, 6-4 (Groundball, 6, EV 86.3 MPH)
|
| Bottom of the 9th over - 0 runs, 1 hit, 0 errors, 1 left on base; Miami 4 - West Palm Beach 1 |
|